 Dungeon Crawl Stone Soup version 0.28.0 (webtiles) character file.

Game seed: 17131333427740612886

448 Descartes the Chiller (level 6, -6/32 HPs)
             Began as a Deep Elf Wanderer on Feb 13, 2022.
             Mangled by an orc warrior (11 damage)
             ... on level 5 of the Dungeon.
             The game lasted 00:18:10 (7008 turns).

Descartes the Chiller (Deep Elf Wanderer)           Turns: 7008, Time: 00:18:11

Health: -6/32      AC:  4    Str:  8    XL:     6   Next: 73%
Magic:  14/14      EV: 12    Int: 18    God:
Gold:   166        SH:  0    Dex: 16    Spells: 7/13 levels left

rFire   . . .      SeeInvis .   x - +0 dagger (holy)
rCold   . . .      Faith    .   (no shield)
rNeg    . . .      Spirit   .   A - +0 leather armour
rPois   .          Reflect  .   b - +0 helmet
rElec   .          Harm     .   (no cloak)
rCorr   +          Rampage  .   (no gloves)
Will    .....                   (no boots)
Stlth   ++........              (no amulet)
HPRegen 0.10/turn               B - ring of resist corrosion
MPRegen 0.14/turn               (no ring)

@: no status effects
A: no striking features
a: no special abilities


You were on level 5 of the Dungeon.
You visited 2 branches of the dungeon, and saw 7 of its levels.

You collected 166 gold pieces.

Inventory:

Hand Weapons
 x - a +0 dagger of holy wrath (weapon)
Missiles
 g - 71 sling bullets
 h - 14 bolts
 i - 25 arrows
 n - 46 stones
Armour
 b - a +0 helmet (worn)
 A - a +0 leather armour (worn)
Jewellery
 B - a ring of resist corrosion (left hand)
Wands
 c - a wand of polymorph (6) (quivered)
 w - a wand of charming (5)
Scrolls
 d - 3 scrolls of fear {unknown}
 e - 3 scrolls of identify {unknown}
 f - 2 scrolls of magic mapping {unknown}
 m - a scroll of immolation {unknown}
 q - a scroll of fog {unknown}
 u - a scroll of teleportation {unknown}
 y - a scroll of noise {unknown}
 z - a scroll of blinking {unknown}
Potions
 a - a potion of curing {unknown}
 j - 2 potions of resistance {unknown}
 k - 2 potions of brilliance {unknown}
 l - a potion of degeneration {unknown}
 o - a potion of attraction {unknown}
 p - a potion of invisibility {unknown}
 r - 2 potions of flight {unknown}
 s - 3 potions of heal wounds {unknown}
 t - a potion of berserk rage {unknown}
 v - a potion of cancellation {unknown}


   Skills:
 + Level 3.2 Dodging
 - Level 2.0 Stealth
 + Level 4.0 Spellcasting
 + Level 3.3 Conjurations
 - Level 6.0 Ice Magic
 + Level 2.5 Air Magic
 + Level 3.8 Evocations


You had 7 spell levels left.
You knew the following spells:

 Your Spells              Type           Power      Damage    Failure   Level
a - Shock                 Conj/Air       56%        1d6       6%          1
b - Freeze                Ice            100%       1d11      1%          1
c - Ensorcelled Hibernat  Hex/Ice        28%        N/A       10%         2
d - Blink                 Tloc           6%         N/A       32%         2

Your spell library contained the following spells:

 Spells                   Type           Power      Damage    Failure   Level
 Magic Dart               Conj           60%        1d6       5%          1
 Swiftness                Air            12%        N/A       22%         3
 Mephitic Cloud           Conj/Pois/Air  10%        N/A       28%         3
 Call Imp                 Summ           3%         N/A       32%         2
 Passwall                 Tmut/Erth      2%         N/A       32%         2
 Summon Ice Beast         Ice/Summ       14%        N/A       52%         4
 Lesser Beckoning         Tloc           3%         N/A       54%         3
 Manifold Assault         Tloc           3%         N/A       99%         5


Dungeon Overview and Level Annotations

Branches:
Dungeon (6/15)             Temple (1/1) D:4

Altars:
Cheibriados
Elyvilon
Fedhas
Makhleb
Nemelex Xobeh
Okawaru
Qazlal
Ru
Sif Muna
Wu Jian
Xom
Zin

Shops:
D:1 =   D:5 =

Annotations:
D:5 Dowan, Duvessa


Message History

There is a stone staircase leading up here.
Duvessa hits you with a +1 short sword of venom!
You climb upwards.
There is a stone staircase leading down here.
There is a stone staircase leading down here.
You climb downwards.
Level annotation: Dowan, Duvessa
There is a stone staircase leading up here.
HP restored.
Duvessa is nearby!
Duvessa shouts!
Duvessa says, "When magic and the sword combine, nothing stands against them."
There is a stone staircase leading up here.
You climb upwards.
There is a stone staircase leading down here.
Done exploring.
There is an iron altar of Okawaru here.
There is a stone staircase leading down here.
You climb downwards.
Level annotation: Dowan, Duvessa
There is a stone staircase leading up here.
There is an entrance to Tits's Jewellery Boutique here.
There is a stone staircase leading down here.
You climb downwards.
The orc hits you with a +0 flail.
There is a stone staircase leading up here.
The orc hits you with a +0 flail.
The orc warrior hits you with a +0 hand axe!
You climb upwards.
Level annotation: Dowan, Duvessa
There is a stone staircase leading down here.
The orc hits you but does no damage. The orc hits you with a +0 flail!
* * * LOW HITPOINT WARNING * * *
The orc hits you with a +0 flail.
* * * LOW HITPOINT WARNING * * *
There is an entrance to Tits's Jewellery Boutique here.
There is a stone staircase leading up here.
The orc hits you but does no damage.
The orc warrior hits you with a +0 hand axe!
You die...

##.##... ##...#.####
##......#... #...........
###########..........
#..............#.....
#.8...........##.....
#######......#.###.########
#.........@o..8..#.#
#.######...o...#.#.########
#.# #....∩......#.......
#.### ###.......###.......
#...# #8...>..[.<.......
#...# ###.....##........
##### #....8##........
#...# ##....##........
..... ####..####........


You could see an orc warrior and an orc.

Vanquished Creatures
  A water moccasin skeleton (D:4)
  2 hounds
  An orc priest (D:4)
  An iguana (D:4)
  4 orc wizards
  2 hound skeletons
  Robin (D:4)
  2 adders (D:3)
  2 worms
  3 dart slugs
  9 orcs
  10 ball pythons
  13 endoplasms
  3 giant cockroaches
  10 goblins
  15 hobgoblins
  3 jackals (D:1)
  5 quokkas
  5 bats
  14 frilled lizards
  5 kobolds
  6 rats
117 creatures vanquished.

Vanquished Creatures (others)
  12 plants
12 creatures vanquished.

Grand Total: 129 creatures vanquished

Notes
Turn   | Place    | Note
-------+----------+-------------------------------------------
     0 | D:1      | Descartes the Deep Elf Wanderer began the quest for the
                  | Orb.
     0 | D:1      | Descartes set off with the following items: a +0 dagger, a
                  | +0 robe, a wand of polymorph (6); and the following spells
                  | available to memorise: Freeze, Ensorcelled Hibernation,
                  | Shock, Mephitic Cloud, Summon Ice Beast
     0 | D:1      | Reached XP level 1. HP: 10/10 MP: 5/5
     2 | D:1      | Learned a level 1 spell: Shock
     4 | D:1      | Learned a level 1 spell: Freeze
   246 | D:1      | Reached XP level 2. HP: 15/15 MP: 0/6
   927 | D:1      | Reached XP level 3. HP: 19/19 MP: 5/8
   962 | D:1      | Reached skill level 1 in Dodging
  1048 | D:1      | Found Jingef's Jewellery Shoppe.
  2089 | D:2      | Reached skill level 1 in Air Magic
  2282 | D:2      | Found a faded altar of an unknown god.
  2413 | D:2      | Reached XP level 4. HP: 21/24 MP: 2/9
  3578 | D:3      | Found an ornate altar of the Wu Jian Council.
  3999 | D:4      | Noticed Robin
  4057 | D:3      | Reached XP level 5. HP: 28/28 MP: 7/11
  4253 | D:4      | Reached skill level 6 in Ice Magic
  4400 | D:4      | Learned a level 2 spell: Ensorcelled Hibernation
  4545 | D:4      | Found an iron altar of Okawaru.
  4590 | D:4      | Killed Robin
  4770 | D:4      | Reached XP level 6. HP: 15/32 MP: 10/13
  5077 | D:4      | Found a staircase to the Ecumenical Temple.
  5086 | Temple   | Entered the Ecumenical Temple
  5631 | D:5      | Entered Level 5 of the Dungeon
  5751 | D:4      | Learned a level 2 spell: Blink
  5782 | D:5      | Found Tits's Jewellery Boutique.
  6419 | D:5      | Noticed Duvessa
  6419 | D:5      | Noticed Dowan
  6599 | D:6      | Noticed an orc warrior
  7008 | D:5      | Mangled by an orc warrior

Illustrated notes

Levels and vault maps discovered:
D:1:      dpeg_arrival_arbitrary_c, layout_loops_ring, serial_shops, shop,
          minmay_lizard_king
D:2:      layout_loops_ring, dreamdust_ecumenical_altar_statues
D:3:      layout_basic, mainiacjoe_overflow_catwalk
D:4:      layout_basic, overflow_temple_1_default,
          minmay_temple_entry_gardened_gates, uniq_robin
D:5:      layout_loops_cross, kennysheep_decorative_pillar,
          nicolae_stop_n_shop_1, hangedman_decor_growths,
          kennysheep_windowed_goal, uniq_duvessa
D:6:      layout_rooms, mainiacjoe_overflow_brackets,
          nicolae_uskayaw_murder_on_the_dancefloor
Temple:   compressed_dpeg_circular_temple

Skill      XL: |  1  2  3  4  5  6 |
---------------+-------------------+-----
Spellcasting   | 2 3 4 |  4.0
Stealth        | 2 |  2.0
Dodging        | 1 2 3 |  3.2
Air Magic      | 1 2 |  2.5
Conjurations   | 2 3 |  3.3
Evocations     | 3 |  3.8
Ice Magic      | 6 |  6.0

Action                   |  1- 3 |  4- 6 || total
-------------------------+-------+-------++-------
Melee: Dagger            |    17 |    38 ||    55
 Cast: Shock             |    81 |   113 ||   194
       Freeze            |    40 |    40 ||    80
 Stab: Sleeping          |     1 |     1 ||     2
Armor: Robe              |    11 |     7 ||    18
       Leather armour    |       |    11 ||    11
Dodge: Dodged            |    34 |    43 ||    77
